 Dungeon Crawl Stone Soup version 0.17-a0-1421-g95311d7 (webtiles) character file.

300 bal the Ducker (level 6, 0/47 HPs)
             Began as a Demonspawn Gladiator on June 24, 2015.
             Was an Initiate of Kikubaaqudgha.
             Succumbed to a worker ant's poison
             ... on level 4 of the Dungeon.
             The game lasted 00:08:49 (2574 turns).

bal the Ducker (Demonspawn Gladiator)               Turns: 2574, Time: 00:08:50

Health: 0/47       AC:  9    Str: 16    XL:     6   Next: 13%
Magic:  6/6        EV: 13    Int: 16    God:    Kikubaaqudgha [......]
Gold:   272        SH:  0    Dex: 13    Spells: 0 memorised, 5 levels left

rFire  . . .     SeeInvis .     a - +0 war axe
rCold  . . .     Clarity  .     s - +0 leather armour
rNeg   . . .     SustAt   .     (no shield)
rPois  .         Gourm    .     c - +0 helmet
rElec  .         Spirit   .     (no cloak)
rCorr  .         Warding  .     (no gloves)
rMut   .         Stasis   .     u - +2 pair of boots {Stlth+}
MR     .....                    (no amulet)
Stlth  +.........               (no ring)
                                (no ring)

@: brilliant, lethally poisoned (0 -> -7), flying, not resistant to hostile
enchantments, very unstealthy
A: hooves 1, thin metallic scales 1, blink 1, high mp 1, powered by pain 1,
MP-powered wands
a: Blink, Renounce Religion


You were on level 4 of the Dungeon.
You worshipped Kikubaaqudgha.
Kikubaaqudgha was noncommittal.
You were not hungry.

You visited 1 branch of the dungeon, and saw 4 of its levels.

You collected 272 gold pieces.

Inventory:

Hand weapons
 a - a +0 war axe (weapon)
 b - a +0 hunting sling
 m - a +2 dagger of speed
Missiles
 d - a throwing net (quivered)
 y - 5 tomahawks
Armour
 c - a +0 helmet (worn)
 l - a +0 large shield
 s - a +0 leather armour (worn)
 u - a +2 pair of boots of stealth (worn)
Jewellery
 h - an uncursed ring of sustain attributes {unknown}
 v - a cursed amulet of inaccuracy {unknown}
Scrolls
 g - 2 scrolls of identify {unknown}
 n - a scroll of amnesia {unknown}
 o - a scroll of immolation {unknown}
 q - 2 scrolls of recharging {unknown}
 r - 2 scrolls of enchant armour {unknown}
 w - a scroll of fear {unknown}
 C - a scroll of remove curse {unknown}
 D - 2 scrolls of magic mapping {unknown}
Potions
 k - a potion of agility
 x - a potion of poison
Comestibles
 e - 2 bread rations
 f - 2 meat rations
 i - a chunk of flesh
 j - 2 fruits


   Skills:
 + Level 3.2 Fighting
 + Level 0.3 Short Blades
 + Level 3.4 Axes
 + Level 1.6(2.2) Slings
 + Level 2.1(2.4) Throwing
 + Level 2.0 Armour
 + Level 3.9 Dodging
 + Level 1.2 Stealth


You had 5 spell levels left.
You didn't know any spells.

Dungeon Overview and Level Annotations

Branches:
Dungeon (4/15)
 Temple: D:4-7

Altars:
Elyvilon
Kikubaaqudgha
Zin


Innate Abilities, Weirdness & Mutations

You have large cloven feet.
You are partially covered in thin metallic scales (AC +2).
You sometimes gain a little power by taking damage.
You can translocate small distances at will.
You have an increased reservoir of magic (+10% MP).
You expend magic power (3 MP) to strengthen your wands.


Message History

You hit the worm but do no damage.
The worm is almost dead.
* * * LOW HITPOINT WARNING * * *
You feel sick. The worm bites you.
* * * LOW HITPOINT WARNING * * *
You slash the worm!
You kill the worm!
Kikubaaqudgha accepts your kill.
* * * LOW HITPOINT WARNING * * *
You feel sick.
* * * LOW HITPOINT WARNING * * *
You feel sick.
You see here a worm corpse.
* * * LOW HITPOINT WARNING * * *
You feel sick.
* * * LOW HITPOINT WARNING * * *
You feel sick.
Found a stone staircase leading down.
You die...
Kikubaaqudgha rasps: "You have failed me!
Welcome... death!"

....####...####...#
#.........## ...##
##....#....###..........#
...#
#.........#.....#####...#
..# #...............##
##..# #..............##
... ...............## #..
...........)†....#
..........(......#
###......(..@.#..#
#.....(.....#...#
........(.# ..#
((.......(# ..#
.(.......(# ..
(.........# .........#
.........# ......>...


There were no monsters in sight!

Vanquished Creatures
  An ogre (D:4)
  A jelly (D:3)
  Jessica (D:3)
  An iguana (D:4)
  2 worker ants (D:4)
  2 adders
  2 worms
  An orc (D:3)
  9 bats
  11 goblins
  9 hobgoblins
  6 jackals
  3 kobolds
  A ball python (D:1)
  4 giant cockroaches
  2 giant geckos (D:3)
  3 giant newts
  A jackal skeleton (D:4)
  4 rats
64 creatures vanquished.

Vanquished Creatures (others)
  A human (D:4)
1 creature vanquished.

Grand Total: 65 creatures vanquished

Notes
Turn   | Place    | Note
--------------------------------------------------------------
     0 | D:1      | bal the Demonspawn Gladiator began the quest for the Orb.
     0 | D:1      | Reached XP level 1. HP: 16/16 MP: 1/1
   168 | D:1      | Gained mutation: You sometimes gain a little power by taking damage. [demonic ancestry]
   168 | D:1      | Reached XP level 2. HP: 20/22 MP: 2/2
   547 | D:1      | Reached skill level 3 in Dodging
  1146 | D:2      | Gained mutation: You have large cloven feet. [demonic ancestry]
  1146 | D:2      | Reached XP level 3. HP: 27/27 MP: 3/3
  1196 | D:2      | Reached skill level 1 in Armour
  1699 | D:3      | Noticed Jessica
  1703 | D:3      | Killed Jessica
  1703 | D:3      | Reached XP level 4. HP: 34/34 MP: 4/4
  1865 | D:3      | Found a glowing silver altar of Zin.
  1865 | D:3      | Noticed an angel
  1921 | D:3      | Found a white marble altar of Elyvilon.
  2428 | D:4      | Gained mutation: You are partially covered in thin metallic scales (AC +2). [demonic ancestry]
  2428 | D:4      | Reached XP level 5. HP: 40/40 MP: 5/5
  2438 | D:4      | Found an ancient bone altar of Kikubaaqudgha.
  2464 | D:4      | Noticed a human
  2466 | D:4      | Killed a human
  2472 | D:4      | Became a worshipper of Kikubaaqudgha
  2528 | D:4      | Noticed an ogre
  2535 | D:4      | Killed an ogre
  2535 | D:4      | Reached skill level 1 in Slings
  2535 | D:4      | Reached skill level 1 in Stealth
  2535 | D:4      | Reached XP level 6. HP: 45/47 MP: 6/6
  2558 | D:4      | Gained mutation: You can translocate small distances at will. [potion of mutation]
  2558 | D:4      | Gained mutation: You expend magic power (3 MP) to strengthen your wands. [potion of mutation]
  2558 | D:4      | Gained mutation: You have an increased reservoir of magic (+10% MP). [potion of mutation]
  2570 | D:4      | HP: 2/47 [poisoned by a worker ant]
  2574 | D:4      | Succumbed to a worker ant's poison

Vault maps used:
D:1:      dpeg_arrival_erosion, serial_bayou_pond_e, lemuel_another_geyser
D:3:      zin_angel, elyvilon_altar_5, serial_glass, glass_columns_b,
          glass_columns_a, uniq_jessica
D:4:      minmay_temple_entry_junction, serial_shops, shop, tgw_kikubaaqudgha,
          uniq_robin, uniq_sigmund

Action                   |  1- 3 |  4- 6 || total
-------------------------+-------+-------++-------
Melee: War axe           |    91 |    35 ||   126
       Dagger            |       |    26 ||    26
 Fire: Hunting sling     |       |    45 ||    45
Throw: Throwing net      |       |     2 ||     2
  Use: Potion            |       |     6 ||     6
 Stab: Sleeping          |     2 |       ||     2
  Eat: Chunk             |     2 |     2 ||     4
       Pizza             |     1 |       ||     1
